 Dungeon Crawl Stone Soup version 0.27.1-34-g3ba077fa99 (webtiles) character file.

Game seed: 1183464480080589162

212 Delamore the Covert (level 5, -3/34 HPs)
             Began as an Octopode Brigand on Jan 16, 2022.
             Slain by an adder (4 damage)
             ... on level 4 of the Dungeon.
             The game lasted 00:03:19 (2845 turns).

Delamore the Covert (Octopode Brigand)              Turns: 2845, Time: 00:03:20

Health: -3/34      AC:  1    Str: 10    XL:     5   Next: 89%
Magic:  5/5        EV: 12    Int: 14    God:
Gold:   116        SH:  0    Dex: 14    Spells: 4/4 levels left

rFire    + . .     SeeInvis .   a - +3 dagger
rCold    . . .     Faith    .   (no shield)
rNeg     . . .     Spirit   .   (helmet restricted)
rPois    .         Reflect  .   (no amulet)
rElec    .         Harm     .   g - ring of protection from fire
rCorr    .         Rampage  .   (no ring)
Will     .....                  (no ring)
Stlth    +++++.....             (no ring)
HPRegen  0.11/turn              (no ring)
MPRegen  0.09/turn              (no ring)
                                (no ring)
                                (no ring)

@: no status effects
A: almost no armour, amphibious, 8 rings, camouflage 1, gelatinous body 1,
(nimble swimmer 1), tentacles
a: no special abilities


You were on level 4 of the Dungeon.
You visited 1 branch of the dungeon, and saw 4 of its levels.

You collected 116 gold pieces.

Inventory:

Hand Weapons
 a - a +3 dagger (weapon)
Missiles
 b - 8 poisoned darts (quivered)
 c - 2 curare-tipped darts
 l - 4 boomerangs
Jewellery
 g - a ring of protection from fire (left tentacle)
Scrolls
 i - a scroll of blinking
 k - a scroll of teleportation
Potions
 d - a potion of curing
 e - a potion of invisibility {unknown}
 f - a potion of berserk rage {unknown}
 h - 2 potions of degeneration
 j - a potion of heal wounds {unknown}
 m - a potion of might {unknown}


   Skills:
 - Level 2.0 Fighting
 + Level 3.8 Short Blades
 - Level 2.0 Throwing
 - Level 1.0 Dodging
 * Level 8.4 Stealth


You had 4 spell levels left.
You didn't know any spells.
Your spell library contained the following spells:

 Spells                   Type           Power      Damage    Failure   Level
 Passwall                 Tmut/Erth      0%         N/A       41%         2
 Swiftness                Air            0%         N/A       65%         3
 Invisibility             Hex            0%         N/A       100%        6


Dungeon Overview and Level Annotations

Branches:
Dungeon (4/15)
 Temple: D:4-7

Altars:
Cheibriados
Okawaru

Shops:
D:1 (


Innate Abilities, Weirdness & Mutations

You cannot wear most types of armour.
You are amphibious.
You can wear up to eight rings at the same time.
Your skin changes colour to match your surroundings (Stealth+).
Your rubbery body absorbs attacks. (AC +1, EV +1)
((You are camouflaged near water. (Stealth+)))
You have tentacles for arms and can constrict up to eight enemies at once.


Message History

The orc wizard is moderately wounded.
You constrict the orc wizard, but do no damage.
You feel sick.
The orc wizard hits you with a +0 dagger.
The adder bites you.
You hit the orc wizard but do no damage.
The orc wizard is moderately wounded.
You constrict the orc wizard.
You feel sick.
The orc wizard hits you with a +0 dagger.
The adder bites you but does no damage.
You hit the orc wizard but do no damage.
The orc wizard is moderately wounded.
You constrict the orc wizard.
You feel sick. The adder bites you. The orc wizard misses you.
You release your grip on the orc wizard.
An iguana comes into view.
You feel sick.
You are no longer poisoned.
The endoplasm freezes you.
You are frozen.
* * * LOW HITPOINT WARNING * * *
The iguana moves out of view.
A ball python comes into view.
The adder bites you.
* * * LOW HITPOINT WARNING * * *
You feel better. The adder bites you.
* * * LOW HITPOINT WARNING * * *
You are lethally poisoned!
The adder poisons you!
The orc wizard gestures wildly while chanting.
The orc wizard flickers and vanishes!
Deactivating autopickup; reactivate with Ctrl-A.
You feel better. The adder bites you.
* * * LOW HITPOINT WARNING * * *
The endoplasm freezes you.
You are frozen.
* * * LOW HITPOINT WARNING * * *
Okay, then.
The adder bites you.
You die...

### # ...# ...
.##... ..# #...# #
#.##..# S## #
#....###...g
....###|..........
.......)).J.......
..#.#.##.#S###...
#.#.##.#@#
>....#.#.#
.......#.#
oJ.....#.#
#......#<#
.......#.#
.......$.#
.#...##### ...


You could see an adder and an endoplasm.

Vanquished Creatures
  A necrophage (D:3)
  Robin (D:2)
  3 adders
  An adder skeleton (D:4)
  2 worms
  4 dart slugs
  2 orcs (D:4)
  3 endoplasms
  5 giant cockroaches
  8 goblins
  11 hobgoblins
  7 kobolds
  4 quokkas
  5 ball pythons
  4 bats
  4 frilled lizards
  3 rats
68 creatures vanquished.

Notes
Turn   | Place    | Note
-------+----------+-------------------------------------------
     0 | D:1      | Delamore the Octopode Brigand began the quest for the Orb.
     0 | D:1      | Reached XP level 1. HP: 14/14 MP: 1/1
   135 | D:1      | Found Ipnihot's Weapon Shoppe.
   226 | D:1      | Reached XP level 2. HP: 19/19 MP: 2/2
   540 | D:1      | Found a faded altar of an unknown god.
   550 | D:1      | Reached skill level 6 in Stealth
   951 | D:1      | Reached XP level 3. HP: 24/24 MP: 3/3
  1348 | D:2      | Noticed Robin
  1350 | D:2      | Reached XP level 4. HP: 28/29 MP: 4/4
  1361 | D:2      | Killed Robin
  1362 | D:2      | Reached skill level 7 in Stealth
  1900 | D:3      | Noticed a necrophage
  1924 | D:3      | Killed a necrophage
  1925 | D:3      | Reached skill level 8 in Stealth
  1925 | D:3      | Reached XP level 5. HP: 8/34 MP: 5/5
  2406 | D:3      | Found an iron altar of Okawaru.
  2466 | D:3      | Found a snail-covered altar of Cheibriados.
  2842 | D:4      | HP: 1/34 [adder (5)]
  2845 | D:4      | Slain by an adder

Illustrated notes

Levels and vault maps discovered:
D:1:      lightli_arrival_lavapool, layout_basic,
          hellmonk_ecumenical_altar_prayer_group, serial_shops, shop,
          minmay_misc_feat_diagonals
D:2:      layout_basic, uniq_robin
D:3:      layout_basic, kennysheep_slug_shrine, okawaru_ov_weapons_minmay
D:4:      wander_river, layout_loops_ring, mainiacjoe_overflow_alcove_4,
          fedhas_ov_isle_minmay, minmay_misc_feat_cross, minmay_vboxes

Skill      XL: |  1  2  3  4 |
---------------+-------------+-----
Stealth        | 6 8 |  8.4
Short Blades   | 3 |  3.8
Fighting       | |  2.0
Throwing       | |  2.0
Dodging        | |  1.0

Action                   |  1- 3 |  4- 6 || total
-------------------------+-------+-------++-------
Melee: Dagger            |    68 |    73 ||   141
       Constrict         |    15 |    18 ||    33
       Tentacles         |    11 |    16 ||    27
Throw: Dart              |     4 |       ||     4
  Use: Scroll            |       |     5 ||     5
       Potion            |       |     2 ||     2
 Stab: Sleeping          |    17 |     6 ||    23
Armor: Skin              |     4 |     6 ||    10
Dodge: Dodged            |    23 |    25 ||    48
